 Dungeon Crawl Stone Soup version 0.32-a0-799-g95e1662365 (console) character file.

Game seed: 7795009375007110743

70975 jejorda2 the Warrior (level 15, -4/129 HPs)
             Began as a Gnoll Berserker on Mar 21, 2024.
             Was an Elder of Trog.
             Slain by a death yak (13 damage)
             ... on level 5 of the Lair of Beasts.
             The game lasted 00:50:06 (22947 turns).

jejorda2 the Warrior (Gnoll Berserker)             Turns: 22947, Time: 00:50:07

Health: -4/129     AC: 27    Str: 26    XL:     15   Next: 35%
Magic:  29/29      EV: 12    Int:  5    God:    Trog [****..]
Gold:   1635       SH:  8    Dex: 12    Spells: 34/34 levels left

rFire   . . .        a - +4 trident
rCold   + . .        b - +2 buckler
rNeg    + + .        V - +2 chain mail of the Growing Gods {Fly rC+ rCorr}
rPois   +            d - +1 hat {Will+}
rElec   .            v - +2 cloak
rCorr   +            F - +2 pair of gloves of Foolhardiness {Rampage rN+ Will+ Int-2}
SInv    .            L - +0 pair of boots
Will    +++++        I - amulet of Gozag's Supremacy {Faith rN+ Str+3}
Stlth   ++           T - +4 ring of protection
HPRegen 1.41/turn    n - ring of poison resistance
MPRegen 0.21/turn

%: rampage, faith
@: strong-willed, on berserk cooldown, flying, regenerating, slowed, studying
Fighting, very slow
A: fangs 1, strong nose, distributed training
a: Renounce Religion, Berserk, Trog's Hand, Brothers in Arms


You were on level 5 of the Lair of Beasts.
You worshipped Trog.
Trog was greatly pleased with you.
You visited 2 branches of the dungeon, and saw 15 of its levels.
You also visited: Gauntlet.

You collected 2435 gold pieces.
You spent 800 gold pieces at shops.

Inventory:

Hand Weapons
 a - a +4 trident (weapon)
Missiles
 e - 7 boomerangs
 l - 28 poisoned darts (quivered)
 o - 4 atropa-tipped darts
 s - 11 javelins
 E - 3 darts of dispersal
 G - 10 curare-tipped darts
Armour
 b - a +2 buckler (worn)
 d - a +1 hat of willpower (worn)
 v - a +2 cloak (worn)
 F - the +2 pair of gloves of Foolhardiness (worn) {Rampage rN+ Will+ Int-2}
   (You found it on level 10 of the Dungeon)

   Int-2:     It affects your intelligence (-2).
   rN+:       It protects you from negative energy.
   Will+:     It increases your willpower.
   Rampage:   It bestows one free step when moving towards enemies.
 L - a +0 pair of boots (worn)
 V - the +2 chain mail of the Growing Gods (worn) {Fly rC+ rCorr}
   (You found it in a Gauntlet)

   rC+:       It protects you from cold.
   Fly:       It grants you flight.
   rCorr:     It protects you from acid and corrosion.
Jewellery
 g - a ring of protection from cold
 n - a ring of poison resistance (right hand)
 B - the ring "Ovelox" {Fire *Corrode rElec Int-3 SInv}
   (You found it in a Gauntlet)

   [ring of fire]

   Fire:      It enhances your fire magic.
   Int-3:     It affects your intelligence (-3).
   rF+:       It protects you from fire.
   rC-:       It makes you vulnerable to cold.
   rElec:     It insulates you from electricity.
   SInv:      It lets you see invisible.
   *Corrode:  It may corrode you when you take damage.
 I - the amulet of Gozag's Supremacy (around neck) {Faith rN+ Str+3}
   (You took it off a centaur warrior on level 10 of the Dungeon)

   [amulet of faith]

   Faith:     It allows you to gain divine favour quickly.
   Str+3:     It affects your strength (+3).
   rN+:       It protects you from negative energy.
 T - a +4 ring of protection (left hand)
Wands
 c - a wand of polymorph (17)
 h - a wand of quicksilver (7)
 y - a wand of flame (70)
 A - a wand of digging (2)
 D - a wand of iceblast (7)
Scrolls
 i - a scroll of enchant weapon
 j - a scroll of blinking
 k - a scroll of immolation
 m - a scroll of revelation
 q - 3 scrolls of fear
 t - a scroll of enchant armour
 u - 3 scrolls of teleportation
 H - a scroll of silence
 N - a scroll of fog
 Q - 3 scrolls of identify
Potions
 f - 4 potions of heal wounds
 p - a potion of cancellation
 r - 4 potions of attraction
 w - 8 potions of curing
 J - a potion of lignification
 K - 2 potions of mutation
 S - 2 potions of enlightenment
Miscellaneous
 z - a lightning rod (4/4)
 R - a sack of spiders (inert)
 U - a phial of floods


   Skills:
 + Level 15.1 Fighting
 + Level 10.4 Short Blades
 + Level 10.4 Long Blades
 + Level 10.4 Axes
 + Level 10.4 Maces & Flails
 + Level 12.2 Polearms
 + Level 10.4 Staves
 + Level 10.4 Ranged Weapons
 + Level 10.4 Throwing
 + Level 11.3 Armour
 + Level 11.3 Dodging
 + Level 10.4 Stealth
 + Level 10.4 Shields
 + Level 10.4 Unarmed Combat
 + Level 10.4 Spellcasting
 + Level 8.7 Conjurations
 + Level 8.7 Hexes
 + Level 8.7 Summonings
 + Level 8.7 Necromancy
 + Level 8.7 Translocations
 + Level 8.7 Fire Magic
 + Level 8.7 Ice Magic
 + Level 8.7 Air Magic
 + Level 8.7 Earth Magic
 + Level 8.7 Alchemy
 + Level 11.3 Invocations
 + Level 10.4 Evocations
 + Level 9.5 Shapeshifting


You had 34 spell levels left.
You didn't know any spells.
Your spell library was empty.

Dungeon Overview and Level Annotations

Branches:
Dungeon (10/15)            Temple (0/1) D:4            Lair (5/5) D:10
  Swamp (0/4) Lair:2       Spider (0/4) Lair:3        Slime (0/5) Lair:5
    Orc (0/2) D:9         Gauntlet (visited)

Altars:
Ashenzari
Cheibriados
Kikubaaqudgha
Makhleb
Xom
Zin
The Shining One

Shops:
D:5 :

Annotations:
Lair:4 2 runed translucent doors, Ahar's ghost, journeyman HONe


Innate Abilities, Weirdness & Mutations

You have very sharp teeth.
Your uncanny sense of smell can sniff out nearby items.
Your experience applies equally to all skills.


Message History

The death yak is heavily wounded.
The death yak gores you but does no damage.
The death yak gores you!
* * * LOW HITPOINT WARNING * * *
You barely miss the death yak. Your bite misses the death yak.
The death yak is heavily wounded.
You block the death yak's attack. The death yak barely misses you.
You puncture the death yak!
The death yak is severely wounded.
The death yak completely misses you. You block the death yak's attack.
You hit the death yak but do no damage. You bite the death yak.
The death yak is severely wounded.
The death yak barely misses you.
The death yak gores you but does no damage.
You hit the death yak but do no damage.
The death yak is severely wounded.
The death yak gores you but does no damage. x2
You hit the death yak but do no damage.
The death yak is severely wounded.
The death yak gores you!
* * * LOW HITPOINT WARNING * * *
The death yak barely misses you.
You puncture the death yak!
The death yak is almost dead.
The death yak gores you but does no damage.
The death yak closely misses you.
You puncture the death yak! Your bite misses the death yak.
The death yak is almost dead.
The death yak gores you!
* * * LOW HITPOINT WARNING * * *
The death yak gores you.
* * * LOW HITPOINT WARNING * * *
You puncture the death yak!
You kill the death yak!
Trog accepts your kill. The death yak gores you!
* * * LOW HITPOINT WARNING * * *
You reach into the sack... ...and things crawl out!
The sack is emptied!
The death yak gores you!
You die...

.....## ..P #.# .###.# ..###. #!(
∆ ...#### ..#... #((#
......##...... ##...#
..............##...#
.P.#.#.......##....#
............##.ss.# ∆∆∆∆
.P..........##.sY.# ∆ ∆∆ ∆ #....#
......>....(((.†@.##∆ ##.....
.........((........########......
..............s..................
†.................)..............
..#...#..........................
########.....##...#÷..........#..
# #....####.#.....###....###
####....####.......###...#..#
.........#...##....##.........


You could see a death yak (ally target), 2 friendly culicivoras, a friendly
tarantella (summoned) and a friendly redback (summoned).

Vanquished Creatures
  Gastronok (D:10)
  A minotaur (Gauntlet)
  A fire dragon (Lair:5)
  Josephine (Lair:3)
  4 hydras
  3 catoblepae
  2 centaur warriors (D:10)
  2 two-headed ogres (D:10)
  5 boulder beetles
  An alligator (Lair:2)
  2 death scarabs (Gauntlet)
  8 death yaks
  The ghost of Chish the Fighter, a novice HuFi of Hepliaklqana (D:9)
  A skeletal warrior (D:10)
  3 skysharks
  Sonja (Lair:2)
  A spectral hydra (Gauntlet)
  A lindwurm (Lair:5)
  2 deep elf zephyrmancers (D:10)
  Maurice (D:8)
  3 cyclopes (D:10)
  3 meliai (Gauntlet)
  4 elephants (Lair:5)
  Joseph (D:8)
  A guardian serpent (Lair:5)
  6 black mambas
  5 torpor snails (Lair:5)
  A kobold demonologist (D:10)
  16 cane toads
  4 rime drakes
  8 komodo dragons
  10 hornets
  4 tyrant leeches (Lair:5)
  2 trolls
  A polar bear (Lair:5)
  14 blink frogs
  Prince Ribbit (Lair:2)
  5 dream sheep (Lair:5)
  A slime creature (D:10)
  2 jumping spiders (Lair:3)
  Sigmund (D:5)
  A shadow (D:8)
  46 yaks
  9 wraiths
  14 wyverns
  6 basilisks
  4 steam dragons
  3 redbacks
  Menkaure (D:4)
  A vampire mosquito (D:10)
  Edmund (D:5)
  4 acid dragons
  23 water moccasins
  2 black bears (D:8)
  An ice beast (D:6)
  3 sky beasts
  A swamp drake (D:10)
  5 orc warriors
  An ogre (D:7)
  3 centaurs
  15 wolves
  3 kobold brigands
  11 bullfrogs
  A gnoll sergeant (D:8)
  4 scorpions
  11 wights
  4 killer bees
  A vampire bat (D:6)
  An electric eel (Lair:2)
  3 bombardier beetles
  3 howler monkeys
  A crimson imp (D:10)
  4 hounds
  4 jellies
  2 sleepcaps
  7 orc priests
  A gnoll bouda (D:6)
  An iron imp (D:10)
  4 iguanas
  9 orc wizards
  7 gnolls
  6 adders
  3 shadow imps
  2 white imps
  2 dart slugs
  3 ribbon worms
  22 orcs
  4 bat skeletons (D:6)
  6 endoplasms
  6 giant cockroaches
  9 goblins
  8 hobgoblins
  8 quokkas
  7 ball pythons
  5 bats
  8 frilled lizards
  13 kobolds
  7 rats
480 creatures vanquished.

Vanquished Creatures (collateral kills)
  A two-headed ogre (D:10)
  A death yak (Lair:3)
  3 elephants (Lair:5)
  A troll (D:10)
  A yak (Lair:3)
  A spectral komodo dragon (Gauntlet)
  A kobold brigand (D:10)
  A gnoll sergeant (D:10)
  A howler monkey (D:10)
  A gnoll (D:10)
  6 kobolds (D:10)
18 creatures vanquished.

Vanquished Creatures (others)
  An orc wizard (D:10)
  An orc (D:10)
2 creatures vanquished.

Grand Total: 500 creatures vanquished

Notes
Turn   | Place    | Note
-------+----------+-------------------------------------------
     0 | D:1      | jejorda2 the Gnoll Berserker began the quest for the Orb.
     0 | D:1      | Reached XP level 1. HP: 23/23 MP: 1/1
   120 | D:1      | Reached XP level 2. HP: 29/29 MP: 2/2
   614 | D:2      | Reached XP level 3. HP: 29/35 MP: 3/3
   836 | D:2      | Reached skill level 1 in Invocations
   988 | D:2      | Reached skill level 1 in Short Blades
   988 | D:2      | Reached skill level 1 in Long Blades
   988 | D:2      | Reached skill level 1 in Axes
   988 | D:2      | Reached skill level 1 in Maces & Flails
   988 | D:2      | Reached skill level 1 in Staves
   988 | D:2      | Reached skill level 1 in Ranged Weapons
   988 | D:2      | Reached skill level 1 in Throwing
   988 | D:2      | Reached skill level 1 in Stealth
   988 | D:2      | Reached skill level 1 in Shields
   988 | D:2      | Reached skill level 1 in Unarmed Combat
   988 | D:2      | Reached skill level 1 in Spellcasting
   988 | D:2      | Reached skill level 1 in Evocations
  1032 | D:2      | Reached ** piety under Trog
  1124 | D:2      | Reached skill level 1 in Shapeshifting
  1124 | D:2      | Reached XP level 4. HP: 41/41 MP: 5/5
  1303 | D:2      | Reached skill level 1 in Conjurations
  1303 | D:2      | Reached skill level 1 in Hexes
  1303 | D:2      | Reached skill level 1 in Summonings
  1303 | D:2      | Reached skill level 1 in Necromancy
  1303 | D:2      | Reached skill level 1 in Translocations
  1303 | D:2      | Reached skill level 1 in Fire Magic
  1303 | D:2      | Reached skill level 1 in Ice Magic
  1303 | D:2      | Reached skill level 1 in Air Magic
  1303 | D:2      | Reached skill level 1 in Earth Magic
  1303 | D:2      | Reached skill level 1 in Alchemy
  1677 | D:3      | Reached XP level 5. HP: 25/47 MP: 5/7
  2755 | D:4      | Found a staircase to the Ecumenical Temple.
  3061 | D:4      | Noticed Menkaure
  3076 | D:4      | Killed Menkaure
  3077 | D:4      | Reached skill level 5 in Armour
  3077 | D:4      | Reached skill level 5 in Dodging
  3077 | D:4      | Reached XP level 6. HP: 40/53 MP: 7/9
  3622 | D:5      | Entered Level 5 of the Dungeon
  3763 | D:5      | Reached skill level 7 in Fighting
  3763 | D:5      | Reached XP level 7. HP: 55/60 MP: 10/10
  3904 | D:5      | Noticed Edmund
  3920 | D:5      | Killed Edmund
  4104 | D:5      | Found Ameros's Self-Improvement Boutique.
  4558 | D:5      | Noticed Sigmund
  4586 | D:5      | Killed Sigmund
  4587 | D:5      | Reached XP level 8. HP: 57/67 MP: 12/12
  4918 | D:6      | Found a glowing golden altar of the Shining One.
  5064 | D:6      | Found a burning altar of Makhleb.
  5066 | D:6      | Noticed a blizzard demon
  5068 | D:6      | Found a glowing silver altar of Zin.
  5069 | D:6      | Noticed an angel
  5327 | D:6      | Found an ancient bone altar of Kikubaaqudgha.
  6461 | D:7      | Reached *** piety under Trog
  6467 | D:7      | Reached XP level 9. HP: 73/73 MP: 14/14
  6953 | D:7      | Identified the +0 robe of the Beginning {Harm Will+ Str-5
                  | Dex+2}
  7101 | D:7      | Found a snail-covered altar of Cheibriados.
  7343 | D:7      | Reached skill level 8 in Fighting
  7440 | D:8      | Identified a scroll of acquirement
  7440 | D:8      | Acquired 1043 gold pieces
  7520 | D:5      | Bought a manual of Fighting for 800 gold pieces
  7837 | D:8      | Noticed Maurice
  7844 | D:8      | Reached skill level 5 in Invocations
  7848 | D:8      | Something stole a ring of magical power
  7852 | D:8      | Killed Maurice
  8062 | D:8      | Noticed Joseph
  8074 | D:8      | Killed Joseph
  8075 | D:8      | Reached skill level 5 in Short Blades
  8075 | D:8      | Reached skill level 5 in Long Blades
  8075 | D:8      | Reached skill level 5 in Axes
  8075 | D:8      | Reached skill level 5 in Maces & Flails
  8075 | D:8      | Reached skill level 5 in Staves
  8075 | D:8      | Reached skill level 5 in Ranged Weapons
  8075 | D:8      | Reached skill level 5 in Throwing
  8075 | D:8      | Reached skill level 5 in Stealth
  8075 | D:8      | Reached skill level 5 in Shields
  8075 | D:8      | Reached skill level 5 in Unarmed Combat
  8075 | D:8      | Reached skill level 5 in Spellcasting
  8075 | D:8      | Reached skill level 5 in Evocations
  8193 | D:8      | Reached XP level 10. HP: 82/82 MP: 17/17
  8238 | D:8      | Noticed a two-headed ogre
  8262 | D:8      | Reached skill level 9 in Fighting
  8450 | D:8      | Noticed a seven-headed hydra
  8465 | D:8      | Killed a seven-headed hydra
  8466 | D:8      | Reached skill level 5 in Shapeshifting
  9887 | D:9      | Reached skill level 5 in Conjurations
  9887 | D:9      | Reached skill level 5 in Hexes
  9887 | D:9      | Reached skill level 5 in Summonings
  9887 | D:9      | Reached skill level 5 in Necromancy
  9887 | D:9      | Reached skill level 5 in Translocations
  9887 | D:9      | Reached skill level 5 in Fire Magic
  9887 | D:9      | Reached skill level 5 in Ice Magic
  9887 | D:9      | Reached skill level 5 in Air Magic
  9887 | D:9      | Reached skill level 5 in Earth Magic
  9887 | D:9      | Reached skill level 5 in Alchemy
  9887 | D:9      | Reached XP level 11. HP: 65/90 MP: 20/20
  9921 | D:9      | Reached skill level 10 in Fighting
 10457 | D:9      | Found a shimmering altar of Xom.
 10526 | D:9      | Identified the +3 leather armour of Discretion {Rampage
                  | Str+3 Dex+2}
 10754 | D:9      | Found a staircase to the Orcish Mines.
 10868 | D:9      | Found a runed translucent door.
 10869 | D:9      | Noticed Chish's ghost (novice HuFi)
 11094 | D:9      | Killed Chish's ghost
 11161 | D:10     | Entered Level 10 of the Dungeon
 11323 | D:10     | Reached **** piety under Trog
 11354 | D:10     | Noticed a deep elf zephyrmancer
 11358 | D:10     | Killed a deep elf zephyrmancer
 11416 | D:10     | Noticed a deep elf zephyrmancer
 11428 | D:10     | Killed a deep elf zephyrmancer
 11469 | D:10     | Noticed Gastronok
 11477 | D:10     | Noticed a two-headed ogre
 11493 | D:10     | Killed Gastronok
 11493 | D:10     | Killed a two-headed ogre
 11773 | D:10     | Noticed a two-headed ogre
 11788 | D:10     | Killed a two-headed ogre
 11789 | D:10     | Reached skill level 11 in Fighting
 11811 | D:10     | Noticed a boulder beetle
 11829 | D:10     | Killed a boulder beetle
 11830 | D:10     | Reached XP level 12. HP: 89/100 MP: 22/22
 12206 | D:10     | Noticed a boulder beetle
 12224 | D:10     | Killed a boulder beetle
 12241 | D:10     | Reached skill level 10 in Polearms
 12431 | D:10     | Noticed a centaur warrior
 12453 | D:10     | Killed a centaur warrior
 12631 | D:10     | Noticed a two-headed ogre
 12640 | D:10     | Killed a two-headed ogre
 12974 | D:10     | Identified the +2 pair of gloves of Foolhardiness {Rampage
                  | rN+ Will+ Int-2}
 13197 | D:10     | Identified the amulet of Gozag's Supremacy {Faith rN+
                  | Str+3}
 13197 | D:10     | Noticed a centaur warrior
 13203 | D:10     | Killed a centaur warrior
 13204 | D:10     | Reached skill level 12 in Fighting
 13286 | D:10     | Found a broken altar of Ashenzari.
 13570 | D:10     | Found a staircase to the Lair.
 13839 | Lair:1   | Entered Level 1 of the Lair of Beasts
 14415 | Lair:1   | Reached XP level 13. HP: 109/109 MP: 25/25
 15055 | Lair:2   | Noticed Sonja
 15068 | Lair:2   | Killed Sonja
 15688 | Lair:2   | Reached skill level 13 in Fighting
 15729 | Lair:2   | Identified the +3 great sword "Upo Niylae" {freeze, MP+9
                  | Int+4 SInv}
 15793 | Lair:2   | Noticed Prince Ribbit
 15809 | Lair:2   | Killed Prince Ribbit
 15822 | Lair:2   | Reached ***** piety under Trog
 16209 | Lair:2   | Found a staircase to the Swamp.
 16240 | Lair:2   | Reached skill level 10 in Armour
 16240 | Lair:2   | Reached skill level 10 in Dodging
 16670 | Lair:3   | Found a gate leading to a gauntlet.
 16702 | Gauntlet | Entered a Gauntlet
 16702 | Gauntlet | Found a transporter.
 16702 | Gauntlet | Found a transporter.
 16702 | Gauntlet | Found a transporter.
 16702 | Gauntlet | Found a transporter.
 16793 | Gauntlet | Found a transporter.
 16802 | Gauntlet | Found a transporter.
 16869 | Gauntlet | Found a transporter.
 16879 | Gauntlet | Found a transporter.
 16894 | Gauntlet | Found a transporter.
 16906 | Gauntlet | Found a transporter.
 16919 | Gauntlet | Found a transporter.
 16925 | Gauntlet | Found a transporter.
 17270 | Gauntlet | Identified the ring "Ovelox" {Fire *Corrode rElec Int-3
                  | SInv}
 17285 | Gauntlet | Noticed a minotaur
 17302 | Gauntlet | Killed a minotaur
 17363 | Gauntlet | Identified the +2 chain mail of the Growing Gods {Fly rC+
                  | rCorr}
 17582 | Lair:3   | Reached XP level 14. HP: 118/118 MP: 27/27
 17631 | Lair:3   | Noticed Josephine
 17641 | Lair:3   | Reached skill level 10 in Invocations
 17647 | Lair:3   | Killed Josephine
 17774 | Lair:3   | Found a hole to the Spider Nest.
 18532 | Lair:3   | Reached skill level 14 in Fighting
 20142 | Lair:4   | Identified the +11 dagger of Seqout {venom, *Noise *Corrode
                  | Str+9 Dex+4}
 20293 | Lair:4   | Found a large runed translucent door.
 20294 | Lair:4   | Found a large runed translucent door.
 20299 | Lair:4   | Noticed Ahar's ghost (journeyman HONe)
 20537 | Lair:5   | Entered Level 5 of the Lair of Beasts
 20871 | Lair:5   | Received a gift from Trog
 20956 | Lair:5   | Found a staircase to the Slime Pits.
 21323 | Lair:5   | Reached skill level 10 in Short Blades
 21323 | Lair:5   | Reached skill level 10 in Long Blades
 21323 | Lair:5   | Reached skill level 10 in Axes
 21323 | Lair:5   | Reached skill level 10 in Maces & Flails
 21323 | Lair:5   | Reached skill level 10 in Staves
 21323 | Lair:5   | Reached skill level 10 in Ranged Weapons
 21323 | Lair:5   | Reached skill level 10 in Throwing
 21323 | Lair:5   | Reached skill level 10 in Stealth
 21323 | Lair:5   | Reached skill level 10 in Shields
 21323 | Lair:5   | Reached skill level 10 in Unarmed Combat
 21323 | Lair:5   | Reached skill level 10 in Spellcasting
 21323 | Lair:5   | Reached skill level 10 in Evocations
 21371 | Lair:5   | Reached XP level 15. HP: 47/127 MP: 29/29
 21617 | Lair:5   | Paralysed by a hornet for 2 turns
 21638 | Lair:5   | Paralysed by a hornet for 3 turns
 22563 | Lair:5   | Reached skill level 15 in Fighting
 22947 | Lair:5   | Slain by a death yak

Illustrated notes

Levels and vault maps discovered:
D:1:      spicycebolla_green_bress_n_ham_2, layout_rooms, roderic_roman_lattice
D:2:      layout_loops_ring, minmay_heptomino_h4
D:3:      layout_loops_corners
D:4:      layout_basic, minmay_temple_entry_mini_moons, serial_rivers,
          chequers_serial_rivers_micro_a, chequers_serial_rivers_room_b,
          chequers_serial_rivers_micro_a, chequers_serial_rivers_large_a,
          uniq_menkaure
D:5:      layout_cave_pods, nicolae_shop_self_help, uniq_edmund, uniq_sigmund
D:6:      layout_layer_cave, grunt_temple_overflow_order_and_chaos_2,
          kennysheep_vampire_church, overflow_temple_1_default,
          serial_park_tiny_pond
D:7:      layout_rooms, mainiacjoe_overflow_six_doors_small,
          minmay_splitting_lines
D:8:      layout_layer_cave, nicolae_hexahallways, nzn_random_ring,
          uniq_maurice, uniq_joseph
D:9:      layout_loops_ring, kennysheep_little_box, orc_0_dummy,
          gammafunk_ghost_grave, nicolae_benzene_ring
D:10:     minmay_the_grid_4x2 [minmay_the_grid_zigzag_pyramid,
          minmay_the_grid_minigrid_medium, minmay_the_grid_doors,
          minmay_the_grid_minigrid_large, minmay_the_grid_diamond_grid,
          minmay_the_grid_embedded, minmay_the_grid_empty,
          minmay_the_grid_prize_shrinking_boxes], layout_stronghold,
          marbit_many_paths, erik_lair_dragon, hangedman_minor_magic,
          uniq_gastronok
Lair:1:   layout_hall_layers, serial_bayou_shore_b
Lair:2:   layout_regular_city, mainiacjoe_swamp_entry_lozenge_pond,
          serial_bayou_shore_a, uniq_prince_ribbit2, uniq_sonja
Lair:3:   layout_long_grid, spider_nest_entry_a, gauntlet_entry_generic,
          uniq_josephine
Lair:4:   layout_cave_pods, ebering_ghost_disaster_area
Lair:5:   wormcave, layout_regular_city, hangedman_lair_tendril_chambers,
          slime_entry_1, serial_bayou_crossing

Skill      XL: |  1  2  3  4  5  6  7  8  9 10 11 12 13 14 15 |
---------------+----------------------------------------------+-----
Invocations    | 1 2 3 4 5 6 7 8 9 10 11 | 11.3
Short Blades   | 1 2 3 5 6 7 8 9 10 | 10.4
Long Blades    | 1 2 3 5 6 7 8 9 10 | 10.4
Axes           | 1 2 3 5 6 7 8 9 10 | 10.4
Maces & Flails | 1 2 3 5 6 7 8 9 10 | 10.4
Staves         | 1 2 3 5 6 7 8 9 10 | 10.4
Ranged Weapons | 1 2 3 5 6 7 8 9 10 | 10.4
Throwing       | 1 2 3 5 6 7 8 9 10 | 10.4
Stealth        | 1 2 3 5 6 7 8 9 10 | 10.4
Shields        | 1 2 3 5 6 7 8 9 10 | 10.4
Unarmed Combat | 1 2 3 5 6 7 8 9 10 | 10.4
Spellcasting   | 1 2 3 5 6 7 8 9 10 | 10.4
Evocations     | 1 2 3 5 6 7 8 9 10 | 10.4
Shapeshifting  | 1 2 3 4 5 6 7 8 9 |  9.5
Conjurations   | 1 2 3 4 5 6 7 8 |  8.7
Hexes          | 1 2 3 4 5 6 7 8 |  8.7
Summonings     | 1 2 3 4 5 6 7 8 |  8.7
Necromancy     | 1 2 3 4 5 6 7 8 |  8.7
Translocations | 1 2 3 4 5 6 7 8 |  8.7
Fire Magic     | 1 2 3 4 5 6 7 8 |  8.7
Ice Magic      | 1 2 3 4 5 6 7 8 |  8.7
Air Magic      | 1 2 3 4 5 6 7 8 |  8.7
Earth Magic    | 1 2 3 4 5 6 7 8 |  8.7
Alchemy        | 1 2 3 4 5 6 7 8 |  8.7
Armour         | 5 6 7 8 9 10 11 | 11.3
Dodging        | 5 6 7 8 9 10 11 | 11.3
Fighting       | 7 8 9 11 12 13 14 15 | 15.1
Polearms       | 7 8 9 10 11 12 | 12.2

Action                     |  1- 3 |  4- 6 |  7- 9 | 10-12 | 13-15 || total
---------------------------+-------+-------+-------+-------+-------++-------
  Melee: Spear             |   143 |   231 |    87 |       |       ||   461
         Bite              |    10 |    16 |    23 |    85 |   178 ||   312
         Halberd           |       |       |   193 |       |       ||   193
         Trident           |       |       |    13 |   676 |  1193 ||  1882
  Throw: Boomerang         |       |       |     2 |       |       ||     2
         Dart              |       |       |       |    32 |   152 ||   184
         Javelin           |       |       |       |     4 |    10 ||    14
         Throwing net      |       |       |       |       |     1 ||     1
 Invoke: Berserk           |     3 |     4 |     7 |    14 |    22 ||    50
         Trog's Hand       |       |     1 |     4 |     8 |     7 ||    20
         Brothers in Arms  |       |       |       |     1 |     3 ||     4
  Evoke: Wand              |       |       |       |     2 |     3 ||     5
         Lightning rod     |       |       |       |       |     4 ||     4
         Sack of spiders   |       |       |       |       |     1 ||     1
    Use: Scroll            |       |       |    17 |     4 |    11 ||    32
         Potion            |       |       |       |       |     1 ||     1
   Stab: Sleeping          |     3 |       |       |       |     1 ||     4
         Held in net/web   |       |       |       |       |     2 ||     2
         Petrified         |       |       |       |       |     5 ||     5
 Armour: Animal skin       |    37 |       |       |       |       ||    37
         Scale mail        |    11 |    73 |    10 |       |       ||    94
         Chain mail        |       |       |   193 |    75 |   417 ||   685
         Plate armour      |       |       |       |   316 |   247 ||   563
  Dodge: Dodged            |    44 |    82 |   101 |   145 |   341 ||   713
  Block: Buckler           |       |       |     6 |   169 |   301 ||   476

Table legend: (Time is in decaauts)
 A = Elapsed time spent in this place.
 B = Non-inter-level travel time spent in this place.
 C = Inter-level travel time spent in this place.
 D = Time resting spent in this place.
 E = Time spent auto-exploring this place.
 F = Levels seen in this place.
 G = Mean time per level.
                   A        B        C        D        E       F      G
               +--------+--------+--------+--------+--------+-----+--------+
         Total |  22922 |  22053 |    869 |   1986 |  15920 |  16 | 1432.6 |
       Dungeon |  14163 |  13455 |    708 |    922 |  10346 |  10 | 1416.3 |
          Lair |   7981 |   7821 |    160 |    941 |   5138 |   5 | 1596.2 |
      Gauntlet |    778 |    778 |      0 |    122 |    435 |   1 |  778.0 |
               +--------+--------+--------+--------+--------+-----+--------+

Top non-repeatable levels by time:
    D:10: 2941 daAuts
  Lair:5: 2243 daAuts
     D:8: 2180 daAuts
     D:6: 1720 daAuts
  Lair:3: 1610 daAuts
  Lair:4: 1547 daAuts
  Lair:2: 1475 daAuts
     D:9: 1384 daAuts
     D:5: 1281 daAuts
     D:4: 1265 daAuts
  Lair:1: 1104 daAuts
     D:7: 974 daAuts
     D:3: 972 daAuts
     D:2: 854 daAuts
Gauntlet: 778 daAuts
